 Dungeon Crawl Stone Soup version 0.31-a0-876-gfe8ebadbca (webtiles) character file.

Game seed: 16378961843474958867

5135 Descartes the Blocker (level 10, -4/71 (74) HPs)
             Began as a Formicid Fighter on Oct 14, 2023.
             Killed by divine providence
             ... invoked by a smoke demon
             ... summoned by a kobold demonologist
              (10 damage)
             ... on level 9 of the Dungeon.
             The game lasted 00:13:46 (7098 turns).

Descartes the Blocker (Formicid Fighter)            Turns: 7098, Time: 00:13:46

HP:   -4/71 (74)    AC: 21    Str: 25    XL:     10   Next: 89%
MP:   10/10         EV:  7    Int:  8    God:
Gold: 617           SH: 12    Dex: 13    Spells: 9/9 levels left

rFire   . . .        S - +4 battleaxe
rCold   . . .        c - +0 buckler
rNeg    . . .        x - +0 plate armour
rPois   .            (helmet unavailable)
rElec   .            i - +0 cloak
rCorr   .            (no gloves)
SInv    +            D - +0 pair of boots
Will    +....        q - amulet of reflection Stlth
                     e - ring of flight
HPRegen 0.31/turn    s - +4 ring of protection
MPRegen 0.12/turn

%: reflection
@: mighty, lethally poisoned (-4 -> -5), on fire, flying, glowing, lightly
drained
A: permanent stasis, dig shafts and tunnels, antennae 3, four strong arms
a: Dig, Shaft Self


You were on level 9 of the Dungeon.
You visited 2 branches of the dungeon, and saw 10 of its levels.

You collected 617 gold pieces.

Inventory:

Hand Weapons
 a - a +0 war axe
 k - a +5 morningstar
 J - a +5 halberd
 N - a +1 heavy flail
 O - a +4 hand axe
 S - a +4 battleaxe (weapon)
Missiles
 b - 16 poisoned darts
Armour
 c - a +0 buckler (worn)
 i - a +0 cloak (worn)
 x - a +0 plate armour (worn)
 D - a +0 pair of boots (worn)
 Q - the +1 ring mail of Nasko {Str+2}
   (You found it on level 8 of the Dungeon)

   Str+2:     It affects your strength (+2).
Jewellery
 e - a ring of flight (left hand)
 q - an amulet of reflection (around neck)
 s - a +4 ring of protection (right hand)
 y - a ring of protection from cold
 R - a ring of positive energy
Wands
 C - a wand of roots (14)
 E - a wand of paralysis (3)
 G - a wand of flame (20)
Scrolls
 f - 4 scrolls of teleportation {unknown}
 g - 2 scrolls of blinking {unknown}
 h - 4 scrolls of enchant armour {unknown}
 l - 9 scrolls of identify {unknown}
 m - a scroll of immolation {unknown}
 o - a scroll of noise {unknown}
 r - 2 scrolls of torment {unknown}
 u - 6 scrolls of fog {unknown}
 w - 2 scrolls of enchant weapon {unknown}
 F - a scroll of vulnerability {unknown}
 H - a scroll of poison {unknown}
 I - a scroll of revelation {unknown}
 L - 3 scrolls of amnesia {unknown}
 P - a scroll of fear {unknown}
Potions
 j - a potion of curing {unknown}
 n - 3 potions of invisibility {unknown}
 p - 3 potions of ambrosia {unknown}
 t - a potion of attraction {unknown}
 v - 2 potions of enlightenment {unknown}
 z - 3 potions of magic {unknown}
 A - a potion of lignification {unknown}
 B - 3 potions of mutation {unknown}
 K - a potion of cancellation {unknown}
 M - 2 potions of degeneration {unknown}
 T - a potion of heal wounds


   Skills:
 - Level 5.0 Fighting
 + Level 8.8(9.0) Axes
 - Level 3.2(6.4) Maces & Flails
 + Level 9.8 Armour
 + Level 11.6 Shields


You had 9 spell levels left.
You didn't know any spells.
Your spell library contained the following spells:

 Spells                   Type           Power      Damage    Failure   Level
 Tukima's Dance           Hex            0%         N/A       100%        3
 Dimensional Bullseye     Hex/Tloc       0%         N/A       100%        4
 Iskenderun's Mystic Bla  Conj/Tloc      0%         2d3       100%        4


Dungeon Overview and Level Annotations

Branches:
Dungeon (9/15)             Temple (1/1) D:6             Orc (0/2) D:9
   Lair: D:8-11

Altars:
Cheibriados
Dithmenos
Elyvilon
Fedhas
Hepliaklqana
Kikubaaqudgha
Makhleb
Nemelex Xobeh
Okawaru
Qazlal
Ru
Sif Muna
Trog
Uskayaw
Vehumet
Wu Jian
Xom
Yredelemnul
Zin
The Shining One

Shops:
D:2 *


Innate Abilities, Weirdness & Mutations

You cannot be hasted, slowed, berserked, paralysed or teleported.
You can dig through walls and to a lower floor.
You have a pair of large antennae on your head. (SInv)
Your four strong arms can wield two-handed weapons with a shield.


Message History

Unknown command.
Unknown command.
You closely miss the kobold demonologist.
The kobold demonologist is lightly wounded.
You hit the hornet but do no damage.
You hit the soul eater but do no damage.
You closely miss the smoke demon.
You are engulfed in a cloud of scalding steam.
You feel sick.
The hornet stings you but does no damage.
The soul eater closely misses you. You block the hornet's attack.
The kobold demonologist casts a spell.
You block the smoke demon's attack. x2; The smoke demon barely misses you.
You slash the shadow imp!
The shadow imp is severely wounded.
You hit the soul eater. You slash the kobold demonologist!
You barely miss the smoke demon. You completely miss the hornet.
You are engulfed in a cloud of scalding steam.
You feel sick.
The hornet stings you but does no damage.
The soul eater hits you!
* * * LOW HITPOINT WARNING * * *
You feel drained.
* * * LOW HITPOINT WARNING * * *
The kobold demonologist hits you but does no damage.
The smoke demon gestures at you.
The sticky flame hits you but does no damage.
You are covered in liquid flames!
The hornet closely misses you. You block the shadow imp's attack.
You feel very mighty all of a sudden.
You are engulfed in a cloud of scalding steam.
You are covered in liquid flames!
* * * LOW HITPOINT WARNING * * *
You feel sick.
The soul eater draws from the surrounding life force!
The hornet stings you but does no damage.
The kobold demonologist hits you but does no damage.
The smoke demon gestures at you. Something smites you!
You die...

.###.....
.........
.........
........#
....§...####
.....§..#..###
......)).....#
##.y@5...# ,
#..3K3..##
....##.55...#
............##
.,...........##
..#....#^....#
....#.####..####
..##..##......#
#. .......##..#


You could see a soul eater (summoned), a kobold demonologist, a smoke demon
(summoned), a hornet, a crimson imp (summoned), a white imp (summoned) and a
shadow imp (summoned).

Vanquished Creatures
  A two-headed ogre (D:8)
  Joseph (D:8)
  Psyche (D:8)
  A hornet (D:9)
  Menkaure (D:6)
  3 orc warriors
  A black bear (D:7)
  2 ice beasts
  2 ogres
  4 centaurs
  A phantom (D:5)
  2 kobold brigands (D:8)
  4 bullfrogs
  2 scorpions
  10 wights
  9 killer bees
  5 howler monkeys
  3 crimson imps (D:8)
  4 jellies
  4 orc priests
  3 hounds
  3 gnoll boudas
  6 orc wizards
  An iguana (D:5)
  8 gnolls
  10 adders
  4 white imps
  2 worms
  23 orcs
  3 bats
  6 endoplasms
  3 giant cockroaches
  9 goblins
  7 hobgoblins
  2 kobolds
  4 quokkas
  2 ball pythons
  3 frilled lizards
  3 rats
  A spectral goblin (D:5)
164 creatures vanquished.

Vanquished Creatures (others)
  An orc wizard (D:8)
1 creature vanquished.

Grand Total: 165 creatures vanquished

Notes
Turn   | Place    | Note
-------+----------+-------------------------------------------
     0 | D:1      | Descartes the Formicid Fighter began the quest for the Orb.
     0 | D:1      | Reached XP level 1. HP: 18/18 MP: 1/1
   237 | D:1      | Reached XP level 2. HP: 14/24 MP: 2/2
   781 | D:2      | Reached XP level 3. HP: 29/29 MP: 3/3
   795 | D:2      | Found an ancient bone altar of Kikubaaqudgha.
   890 | D:2      | Found Zydaoc Kymo's General Store.
  1217 | D:3      | Reached XP level 4. HP: 37/37 MP: 4/4
  1783 | D:4      | Found a hide-covered altar of Uskayaw.
  1787 | D:4      | Noticed a centaur
  1794 | D:4      | Killed a centaur
  1795 | D:4      | Reached skill level 5 in Shields
  1795 | D:4      | Reached XP level 5. HP: 29/42 MP: 5/5
  1884 | D:4      | Found an iron altar of Okawaru.
  2090 | D:4      | Found a shimmering blue altar of Sif Muna.
  2356 | D:5      | Entered Level 5 of the Dungeon
  2356 | D:5      | Noticed an ogre
  2364 | D:4      | HP: 2/43 [adder (2)]
  2380 | D:4      | Reached XP level 6. HP: 22/49 MP: 6/6
  2380 | D:4      | Killed an ogre
  2551 | D:5      | Reached skill level 6 in Shields
  2551 | D:5      | Reached XP level 7. HP: 29/55 MP: 7/7
  2671 | D:5      | Reached skill level 5 in Fighting
  2701 | D:5      | Reached skill level 5 in Armour
  3008 | D:5      | Reached XP level 8. HP: 62/62 MP: 8/8
  3070 | D:5      | Found a glowing silver altar of Zin.
  3137 | D:5      | Found an ornate altar of the Wu Jian Council.
  3153 | D:5      | Found a bloodstained altar of Trog.
  3206 | D:5      | Found a hazy altar of Hepliaklqana.
  3267 | D:6      | Reached skill level 5 in Axes
  3267 | D:6      | Reached skill level 7 in Shields
  3387 | D:6      | Found a sacrificial altar of Ru.
  3454 | D:6      | Found a radiant altar of Vehumet.
  3720 | D:6      | Found a staircase to the Ecumenical Temple.
  3730 | Temple   | Entered the Ecumenical Temple
  3775 | D:6      | Noticed Menkaure
  3787 | D:6      | Killed Menkaure
  4163 | D:6      | Reached skill level 8 in Shields
  4387 | D:7      | Found a sparkling altar of Nemelex Xobeh.
  4925 | D:7      | Reached XP level 9. HP: 50/68 MP: 9/9
  5006 | D:8      | Noticed Psyche
  5010 | D:8      | Noticed a two-headed ogre
  5013 | D:8      | Killed Psyche
  5014 | D:8      | Reached skill level 9 in Shields
  5020 | D:8      | Killed a two-headed ogre
  5026 | D:8      | Reached skill level 10 in Shields
  5049 | D:8      | Reached XP level 10. HP: 19/74 MP: 10/10
  5384 | D:8      | Found a white marble altar of Elyvilon.
  5553 | D:8      | Noticed Joseph
  5574 | D:8      | Killed Joseph
  5575 | D:8      | Reached skill level 1 in Maces & Flails
  5851 | D:8      | Found a snail-covered altar of Cheibriados.
  5974 | D:8      | Reached skill level 11 in Shields
  6254 | D:8      | Found a shimmering altar of Xom.
  6287 | D:8      | Identified the +1 ring mail of Nasko {Str+2}
  7054 | D:9      | Found a staircase to the Orcish Mines.
  7084 | D:9      | Noticed a kobold demonologist
  7092 | D:9      | Noticed a smoke demon
  7094 | D:9      | Noticed a soul eater
  7098 | D:9      | Killed from afar by a smoke demon

Illustrated notes

Levels and vault maps discovered:
D:1:      dpeg_arrival_castle, layout_basic, minmay_box_of_dots
D:2:      layout_rooms, basic_altar, serial_shops,
          nicolae_shop_competitors_out_of_business
D:3:      layout_loops_ring, minmay_misc_feat_ornament,
          amcnicky_mini_rare_corridor_liquid, minmay_bisected
D:4:      layout_basic, amcnicky_altar_gilded, tgw_sif,
          mainiacjoe_overflow_alcove_2
D:5:      layout_cave_pools, mainiacjoe_overflow_swirl,
          mainiacjoe_overflow_boulevard, nicolae_hepliaklqana_monster_ancestors,
          nicolae_half_adder
D:6:      layout_loops_ring, lemuel_round_altar, vehumet_altar_wand_db,
          minmay_temple_entry_tees, nicolae_eternal_life, dk_noncrumbling_4,
          uniq_menkaure
D:7:      layout_gridville, nemelex_diamond_rough_becter, feat_on_display
D:8:      minmay_bubble_buster, layout_loops_ring,
          mainiacjoe_overflow_tiny_flanked, led_xom_imps, elyvilon_altar_1,
          enter_bailey_3, minmay_bent, uniq_joseph, uniq_psyche
D:9:      layout_cave_pools, orc_0_dummy, minmay_statue_bubble
Temple:   nicolae_temple_great_sept

Skill      XL: |  1  2  3  4  5  6  7  8  9 10 |
---------------+-------------------------------+-----
Fighting       | 4 5 |  5.0
Axes           | 3 4 6 7 8 |  8.8
Armour         | 4 5 7 8 9 |  9.8
Shields        | 5 6 8 10 11 | 11.6
Maces & Flails | 3 |  3.2

Action                     |  1- 3 |  4- 6 |  7- 9 | 10-12 || total
---------------------------+-------+-------+-------+-------++-------
  Melee: War axe           |    70 |    90 |   202 |    33 ||   395
         Morningstar       |       |       |       |   166 ||   166
         Battleaxe         |       |       |       |    38 ||    38
Ability: Dig               |       |       |       |     1 ||     1
    Use: Potion            |       |     1 |     2 |     1 ||     4
 Armour: Scale mail        |    39 |     6 |       |       ||    45
         Plate armour      |       |    68 |   184 |   217 ||   469
  Dodge: Dodged            |    28 |    24 |    67 |    73 ||   192
  Block: Buckler           |    20 |    65 |   155 |   175 ||   415
         Reflection        |       |     1 |       |     5 ||     6

Table legend: (Time is in decaauts)
 A = Elapsed time spent in this place.
 B = Non-inter-level travel time spent in this place.
 C = Inter-level travel time spent in this place.
 D = Time resting spent in this place.
 E = Time spent auto-exploring this place.
 F = Levels seen in this place.
 G = Mean time per level.
                   A        B        C        D        E       F      G
               +--------+--------+--------+--------+--------+-----+--------+
         Total |   7270 |   7118 |    152 |      6 |   5629 |  10 |  727.0 |
       Dungeon |   7268 |   7116 |    152 |      6 |   5629 |   9 |  807.6 |
        Temple |      1 |      1 |      0 |      0 |      0 |   1 |    1.0 |
               +--------+--------+--------+--------+--------+-----+--------+

Top non-repeatable levels by time:
     D:8: 1492 daAuts
     D:6: 980 daAuts
     D:4: 842 daAuts
     D:7: 789 daAuts
     D:5: 787 daAuts
     D:1: 742 daAuts
     D:9: 657 daAuts
     D:2: 494 daAuts
     D:3: 483 daAuts
  Temple: 1 daAuts
